 Dungeon Crawl Stone Soup version 0.31-a0-1010-g5322dac6a2 (webtiles) character file.

Game seed: 12744547947506058446

100 kae the Vexing (level 4, -1/30 HPs)
             Began as a Demonspawn Enchanter on Nov 16, 2023.
             Slain by Pargi (2 damage)
             ... on level 2 of the Dungeon.
             The game lasted 00:02:15 (1849 turns).

kae the Vexing (Demonspawn Enchanter)               Turns: 1849, Time: 00:02:15

Health: -1/30      AC:  3    Str: 10    XL:     4   Next: 47%
Magic:  4/8        EV: 12    Int: 17    God:
Gold:   87         SH:  4    Dex: 13    Spells: 0/8 levels left

rFire   . . .        a - +1 dagger
rCold   . . .        (no shield)
rNeg    . . .        b - +1 robe
rPois   .            (no helmet)
rElec   .            (no cloak)
rCorr   .            (no gloves)
SInv    .            (no boots)
Will    .....        (no amulet)
Stlth   ++           (no ring)
HPRegen 0.25/turn    (no ring)
MPRegen 0.11/turn

%: no passive effects
@: hasted, very quick
A: large bone plates 1, powered by pain 1, hooves 1, high MP 1
a: no special abilities


You were on level 2 of the Dungeon.
You visited 1 branch of the dungeon, and saw 3 of its levels.

You collected 116 gold pieces.
You spent 29 gold pieces at shops.


Innate Abilities, Weirdness & Mutations

You are partially covered in large bone plates. (SH +4)
You sometimes gain a little power by taking damage.
You have large cloven feet.
You have an increased reservoir of magic. (+10% MP)


   Skills:
 * Level 2.4 Short Blades
 - Level 1.7 Dodging
 + Level 3.2 Stealth
 + Level 2.5 Spellcasting
 + Level 3.4 Hexes
 + Level 1.0 Ice Magic


You couldn't memorise any spells.
You knew the following spells:

 Your Spells              Type           Power      Damage    Failure   Level
a - Ensorcelled Hibernat  Hex/Ice        18%        N/A       11%         2
b - Confusing Touch       Hex            13%        N/A       13%         3
c - Tukima's Dance        Hex            13%        N/A       13%         3

Your spell library contained the following spells:

 Spells                   Type           Power      Damage    Failure   Level
 Dazzling Flash           Conj/Hex       16%        N/A       26%         3

Inventory:

Hand Weapons
 a - a +1 dagger (weapon)
 m - a +0 dagger of speed
   (You took it off a kobold on level 3 of the Dungeon)
Missiles
 f - 5 boomerangs
 i - 27 stones
Armour
 b - a +1 robe (worn)
Wands
 n - a wand of paralysis (8)
   (You found it on level 3 of the Dungeon)
Scrolls
 g - a scroll of amnesia {unknown}
 h - a scroll of vulnerability {unknown}
 l - a scroll of identify {unknown}
Potions
 c - 2 potions of invisibility
 d - 2 potions of mutation {!q}
 e - a potion of enlightenment
 j - a potion of cancellation {unknown}

Dungeon Overview and Level Annotations

Branches:
Dungeon (3/15) Zot: 16166

Altars:
Yredelemnul

Shops:
D:2 *

Annotations:
D:2 Pargi
D:3 Sigmund

...#...#..# ##.# .......#..####.#
....#.......##.# ###########
.........##.##.#######.........#
...................##..#######.#
.......................#.....#.##
...#...................#.....'.#.
...........#...T....#..#.....#.#.
...##....#.#....@...#..#.....#.#.
...##....#.#........#..#######.#.
..###.##...#.........#...........
.## #....#....................###
## ####...#........########.....
#####.>...<..# ###### ##########


You could see Pargi.


Message History

You miss the jackal. Your kick misses the jackal.
The jackal bites you. 😕 HP[-1]
You take 1 damage, and now have 25/30 hp.
You hit the jackal. Your kick misses the jackal. The jackal barely misses you.
You barely miss the jackal. The jackal bites you.
The jackal closely misses you.
You hit the jackal.
You kill the jackal!
No target in view!
No target in view!
No target in view!
i - 27 stones (gained 3)
Things that are here:
a +0 dagger of speed; a jackal corpse; a kobold corpse 😕 HP[+1]
m - a +0 dagger of speed
Okay, then.
You open the door.
There is an open door here.
Found a stone staircase leading down. 😎 HP[+4]
Your hp is fully restored (30).
Unknown command.
A hobgoblin comes into view.
A hobgoblin is nearby!
There is a stone staircase leading down here.
A hobgoblin is nearby!
The hobgoblin hits you but does no damage.
You hit the hobgoblin.
A hobgoblin is nearby!
You closely miss the hobgoblin. Your kick misses the hobgoblin.
The hobgoblin hits you.
You hit the hobgoblin.
You kill the hobgoblin!
n - a wand of paralysis (8) No target in view!
No target in view!
Found a stone staircase leading up.
Key pressed, stopping explore.
No target in view!
No target in view!
Key pressed, stopping explore.
No target in view!
No target in view!
Pargi the Meek comes into view.
Pargi shouts!
You hear a shout!
Sigmund the Dreaded comes into view.
He is wielding a +0 scythe.
Unknown command.
Pargi snarls, "Go!
Away!"
Sigmund says, "Now you see me, now you don't..."
Sigmund gestures wildly while chanting.
Sigmund flickers and vanishes!
Deactivating autopickup; reactivate with Ctrl-A.
There is a stone staircase leading up here.
Pargi bites you! Pargi claws you. x2
You climb upwards.
Reactivating autopickup.
There is a stone staircase leading down here. 😮 HP[-13]
You take 13 damage, and now have 17/30 hp.
MASSIVE DAMAGE!! (PAUSE)
Casting: Ensorcelled Hibernation (safe; 11% risk of failure)
Confirm with . or Enter, or press ? or * to list all spells.
Aiming: Ensorcelled Hibernation (safe; 11% risk of failure)
Press: ? - help, Shift-Dir - straight line, f - Pargi
Aim: Pargi (chance to affect: 51%) Pargi resists with significant effort.
Pargi bites you!
* * * LOW HITPOINT WARNING * * *
Pargi claws you but does no damage. Pargi claws you.
* * * LOW HITPOINT WARNING * * *
😱 HP[-10] MP[-2]
You take 10 damage, and now have 7/30 hp.
MASSIVE DAMAGE!! (PAUSE)
You lost 2 mp, and now have 6/8 mp.
Casting: Ensorcelled Hibernation (safe; 11% risk of failure)
Confirm with . or Enter, or press ? or * to list all spells.
Aiming: Ensorcelled Hibernation (safe; 11% risk of failure)
Press: ? - help, Shift-Dir - straight line, f/p - Pargi
Aim: Pargi (chance to affect: 51%) Pargi looks drowsy... 😨 HP[+1] MP[-2]
You lost 2 mp, and now have 4/8 mp.
Unknown command.
Casting: Ensorcelled Hibernation (safe; 11% risk of failure)
Confirm with . or Enter, or press ? or * to list all spells.
You can't see any susceptible monsters within range! (Use Z to cast anyway.)
The helpless Pargi fails to defend himself.
You puncture Pargi! You kick Pargi. Pargi barely misses you. x2
Pargi closely misses you.
Unknown command.
You hit Pargi. Pargi bites you.
* * * LOW HITPOINT WARNING * * *
Pargi claws you but does no damage. Pargi claws you.
* * * LOW HITPOINT WARNING * * *
😱 HP[-7]
You take 7 damage, and now have 1/30 hp.
MASSIVE DAMAGE!! (PAUSE) It was a potion of haste.
You feel yourself speed up. You block Pargi's attack. Pargi claws you.
You die...

Skill      XL: |  1  2  3  4 |
---------------+-------------+-----
Short Blades   | 1 2 |  2.4
Stealth        | 3 |  3.2
Ice Magic      | 1 |  1.0
Dodging        | |  1.7
Spellcasting   | |  2.5
Hexes          | |  3.4

Action                     |  1- 3 |  4- 6 || total
---------------------------+-------+-------++-------
  Melee: Dagger            |   136 |    47 ||   183
         Kick              |    11 |    11 ||    22
         Punch             |     1 |     1 ||     2
   Cast: Ensorcelled Hiber |     4 |     5 ||     9
    Use: Scroll            |     3 |     2 ||     5
         Potion            |     3 |     1 ||     4
   Stab: Sleeping          |     9 |     3 ||    12
 Armour: Robe              |    81 |    40 ||   121
  Dodge: Dodged            |   104 |    26 ||   130
  Block: Other             |       |    11 ||    11

Levels and vault maps discovered:
D:1:      kb_arrival_jail, layout_loops_corners
D:2:      layout_rooms, serial_shops, nicolae_shop_tiny_glass, basic_altar,
          minmay_misc_feat_chi, nrook_mini_vaults
D:3:      layout_basic, uniq_sigmund, uniq_pargi, uniq_grinder

Notes
Turn   | Place    | Note
-------+----------+-------------------------------------------
     0 | D:1      | kae the Demonspawn Enchanter began the quest for the Orb.
     0 | D:1      | Reached XP level 1. HP: 13/13 MP: 3/3
     0 | D:1      | magus.rc [v1.11.3]
     2 | D:1      | Noticed a meteoran
     4 | D:1      | Noticed a gargoyle
     4 | D:1      | Noticed an elf
     6 | D:1      | Noticed a tengu
     6 | D:1      | Noticed a vine stalker
     8 | D:1      | Noticed a draconian
     8 | D:1      | Noticed a demigod
    10 | D:1      | Noticed a spriggan
    10 | D:1      | Noticed an ogre
    12 | D:1      | Noticed a ghoul
    12 | D:1      | Noticed a human
    14 | D:1      | Noticed a minotaur
    14 | D:1      | Noticed a vampire
    17 | D:1      | Noticed a merfolk
    19 | D:1      | Noticed an armataur
    19 | D:1      | Noticed a troll
    21 | D:1      | Noticed a formicid
    23 | D:1      | Noticed a demonspawn
    23 | D:1      | Noticed an octopode
    25 | D:1      | Noticed an ogre
    25 | D:1      | Noticed a naga
    27 | D:1      | Noticed a minotaur
    27 | D:1      | Noticed a naga
    48 | D:1      | Reached skill level 1 in Short Blades
   137 | D:1      | Gained mutation: You sometimes gain a little power by
                  | taking damage. [demonic ancestry]
   137 | D:1      | Reached XP level 2. HP: 17/19 MP: 5/5
   140 | D:1      | Learned a level 2 spell: Ensorcelled Hibernation
   717 | D:1      | Reached XP level 3. HP: 24/24 MP: 6/6
   721 | D:1      | Learned a level 3 spell: Confusing Touch
  1035 | D:2      | Reached skill level 3 in Stealth
  1137 | D:2      | Found Noesm's Assorted Antiques.
  1164 | D:2      | Gained mutation: You have large cloven feet. [potion of
                  | mutation]
  1164 | D:2      | Gained mutation: You have an increased reservoir of magic.
                  | (+10% MP) [potion of mutation]
  1164 | D:2      | HP: 6/24 [poisoned by an adder]
  1175 | D:2      | Reached skill level 2 in Short Blades
  1198 | D:2      | Bought a scroll labelled PERUMISCH EWUPN for 29 gold pieces
  1253 | D:2      | Found a basalt altar of Yredelemnul.
  1447 | D:2      | Gained mutation: You are partially covered in large bone
                  | plates. (SH +4) [demonic ancestry]
  1447 | D:2      | Reached XP level 4. HP: 28/30 MP: 8/8
  1633 | D:3      | Learned a level 3 spell: Tukima's Dance
  1690 | D:3      | Reached skill level 1 in Ice Magic
  1834 | D:3      | Noticed Pargi
  1834 | D:3      | Noticed Sigmund
  1845 | D:2      | HP: 7/30 [Pargi (3)]
  1848 | D:2      | HP: 2/30 [Pargi (6)]
  1849 | D:2      | Slain by Pargi

Vanquished Creatures
  4 adders
  5 dart slugs
  5 bats
  5 endoplasms
  2 giant cockroaches
  3 goblins
  5 hobgoblins
  4 jackals
  6 kobolds
  4 quokkas
  3 ball pythons (D:1)
  2 frilled lizards (D:1)
  2 rats (D:1)
50 creatures vanquished.

Table legend:
 A = Non-vault XP
 B = Vault XP
 C = Vault XP percentage of total XP
 D = Non-vault monster count
 E = Vault monster count
 F = Vault count percentage of total count
                 A         B        C        D         E       F
            +---------+---------+-------+---------+---------+-------
      Total |     144 |       0 |   0.0 |      50 |       0 |   0.0
            +---------+---------+-------+---------+---------+-------
        D:1 |      41 |       0 |   0.0 |      22 |       0 |   0.0
        D:2 |      73 |       0 |   0.0 |      18 |       0 |   0.0
        D:3 |      30 |       0 |   0.0 |      10 |       0 |   0.0
            +---------+---------+-------+---------+---------+-------

Skill      XL: |  1  2  3  4 |
---------------+-------------+-----
Short Blades   | 1 2 |  2.4
Stealth        | 3 |  3.2
Ice Magic      | 1 |  1.0
Dodging        | |  1.7
Spellcasting   | |  2.5
Hexes          | |  3.4

Action                     |  1- 3 |  4- 6 || total
---------------------------+-------+-------++-------
  Melee: Dagger            |   136 |    47 ||   183
         Kick              |    11 |    11 ||    22
         Punch             |     1 |     1 ||     2
   Cast: Ensorcelled Hiber |     4 |     5 ||     9
    Use: Scroll            |     3 |     2 ||     5
         Potion            |     3 |     1 ||     4
   Stab: Sleeping          |     9 |     3 ||    12
 Armour: Robe              |    81 |    40 ||   121
  Dodge: Dodged            |   104 |    26 ||   130
  Block: Other             |       |    11 ||    11

Illustrated notes

Table legend:
 A = Kills in this place as a percentage of kills in the entire game.
 B = Kills by you in this place as a percentage of kills by you in the entire game.
 C = Kills by friends in this place as a percentage of kills by friends in the entire game.
 D = Other kills in this place as a percentage of other kills in the entire game.
 E = Experience gained in this place as a percentage of experience gained in the entire game.
 F = Experience gained in this place divided by the number of levels of this place that you have seen.
                   A       B       C       D       E      F
               +-------+-------+-------+-------+-------+----------------------
         Total | 100.0 | 100.0 |   N/A |   N/A | 100.0 |  48.0
       Dungeon | 100.0 | 100.0 |   N/A |   N/A | 100.0 |  48.0
               +-------+-------+-------+-------+-------+----------------------

Table legend: (Time is in decaauts)
 A = Elapsed time spent in this place.
 B = Non-inter-level travel time spent in this place.
 C = Inter-level travel time spent in this place.
 D = Time resting spent in this place.
 E = Time spent auto-exploring this place.
 F = Levels seen in this place.
 G = Mean time per level.
                   A        B        C        D        E       F      G
               +--------+--------+--------+--------+--------+-----+--------+
         Total |   1832 |   1780 |     52 |      6 |   1349 |   3 |  610.7 |
       Dungeon |   1832 |   1780 |     52 |      6 |   1349 |   3 |  610.7 |
               +--------+--------+--------+--------+--------+-----+--------+

Top non-repeatable levels by time:
     D:1: 933 daAuts
     D:2: 632 daAuts
     D:3: 266 daAuts
